Map: Orbital Shipyard

Players

YooBei - Winner!

  • Race: Zerg Zerg
  • League: Gold

Toons

  • Race: Protoss Protoss
  • League: Gold

VOD

Have the link to the VOD?

Description

Time

  • Played on: Jan. 30, 2016, 3:30 a.m.
  • Length: 15:43
Show
View Real Time Build Order
Export as new Build Order

YooBei Zerg - Winner!

Build Orders: Hatch First 

Get SALT Encoding   

  12  0:08  Overlord  
  12  0:20  Drone x2  
  14  0:27  Drone  
  16  0:35  Drone  
  16  0:53  Hatchery  
  16  0:55  Drone  
  16  1:09  Spawning Pool  
  16  1:11  Extractor  
  14  1:18  Drone x2  
  16  1:24  Drone  
  17  1:31  Drone  
  18  1:53  Overlord  
  18  1:57  Zergling x2  
  18  2:00  Queen  
  21  2:05  Queen  
  23  2:16  Metabolic Boost  
  23  2:30  Zergling x2  
  23  2:31  Zergling x6  
  27  2:47  Drone x2  
  27  2:48  Drone x2  
  31  2:51  Extractor  
  30  3:11  Zergling x4  
  30  3:12  Zergling x8  
  36  3:13  Overlord  
  36  3:33  Drone x4  
  36  3:34  Overlord  
  40  3:36  Drone  
  40  3:37  Extractor  
  40  3:55  Drone x4  
  44  4:01  Lair  
  44  4:03  Drone  
  44  4:05  Drone  
  42  4:32  Drone x2  
  42  4:33  Drone x2  
  46  4:45  Hatchery  
  45  4:47  Spore Crawler  
  45  4:50  Spore Crawler  
  45  4:52  Drone x3  
  46  4:53  Drone x2  
  46  4:55  Drone  
  49  5:01  Drone x2  
  49  5:02  Overlord  
  50  5:18  Drone x2  
  51  5:29  Spire  
  51  5:31  Extractor  
  49  5:53  Drone x4  
  49  5:57  Drone x2, Overlord x3  
  55  6:08  Drone x5  
  55  6:09  Drone x2  
  62  6:23  Spore Crawler  
  61  6:31  Drone x2  
  63  6:41  Mutalisk x5  
  63  6:42  Mutalisk x5  
  83  6:52  Mutalisk x2, Zerg Flyer Weapons Level 1  
  83  6:54  Overlord  
  87  6:58  Extractor  
  86  7:04  Mutalisk x2  
  86  7:06  Overlord  
  90  7:21  Drone, Queen  
  93  7:23  Drone x5  
  98  7:34  Evolution Chamber x2  
  96  7:38  Mutalisk x5  
  96  7:39  Roach Warren  
  105  7:50  Drone  
  106  7:52  Overlord x2  
  106  8:13  Mutalisk x3  
  106  8:14  Mutalisk x2  
  106  8:15  Drone x4  
  106  8:16  Drone  
  121  8:29  Zerg Melee Weapons Level 1  
  121  8:31  Zerg Missile Weapons Level 1  
  121  8:34  Glial Reconstitution  
  121  8:52  Zergling x2  
  121  8:53  Overlord  
  121  8:54  Overlord  
  122  8:56  Extractor  
  122  8:57  Zerg Flyer Weapons Level 2  
  122  8:58  Overlord x2  
  121  9:03  Drone, Overlord x2  
  122  9:16  Hatchery  
  121  9:45  Mutalisk x4  
  121  9:46  Mutalisk x3  
  121  9:49  Corruptor  
  137  9:59  Hydralisk Den  
  136  10:02  Corruptor  
  138  10:15  Corruptor  
  138  10:16  Corruptor  
  142  10:29  Corruptor  
  142  10:30  Corruptor  
  142  10:32  Overlord, Extractor  
  142  10:33  Drone x2, Overlord x2, Extractor  
  142  10:34  Drone x2  
  148  10:37  Queen  
  148  10:41  Corruptor x2  
  154  10:51  Muscular Augments  
  153  11:07  Drone x3  
  156  11:17  Zerg Missile Weapons Level 2  
  156  11:20  Zerg Flyer Armor Level 1  
  156  11:22  Corruptor  
  156  11:23  Corruptor  
  160  11:35  Drone x2  
  162  11:45  Hydralisk x2  
  162  11:46  Hydralisk x6  
  162  11:47  Hydralisk x3  
  182  12:01  Corruptor x3  
  176  12:17  Drone x4, Spore Crawler x2  
  176  12:18  Spore Crawler  
  177  12:24  Hydralisk x6  
  177  12:25  Hydralisk x4  
  197  12:42  Hydralisk  
  199  12:59  Zerg Ground Armor Level 1  
  199  13:06  Infestation Pit  
  198  13:18  Hatchery  
  197  13:35  Hatchery  
  159  13:49  Roach x3  
  159  13:50  Hydralisk x6, Roach x3  
  159  13:51  Hydralisk x3  
  188  14:02  Zergling x2  
  188  14:03  Zergling x6, Roach  
  188  14:04  Roach x3  
  187  14:22  Mutalisk x2  
  187  14:23  Mutalisk x3, Corruptor x2  
  199  14:38  Drone  
  200  14:55  Extractor  
  199  15:02  Drone  
Show
View Real Time Build Order
Export as new Build Order

Toons Protoss 

Build Orders: 1 Gate Expand, Oracle Opening 

Get SALT Encoding   

  12  0:01  Probe (Chrono Boost)  
  13  0:12  Probe (Chrono Boost)  
  14  0:19  Pylon  
  14  0:22  Probe (Chrono Boost)  
  15  0:38  Probe (Chrono Boost)  
  16  0:43  Gateway  
  16  0:48  Probe (Chrono Boost)  
  16  0:49  Assimilator  
  17  0:59  Probe (Chrono Boost)  
  18  1:09  Probe (Chrono Boost)  
  19  1:20  Probe (Chrono Boost)  
  20  1:33  Cybernetics Core  
  20  1:34  Probe (Chrono Boost)  
  21  1:43  Nexus  
  21  1:47  Probe (Chrono Boost)  
  22  1:58  Probe (Chrono Boost)  
  23  2:07  Assimilator  
  23  2:09  Pylon  
  23  2:12  Warp Gate  
  23  2:20  Pylon  
  23  2:28  Probe (Chrono Boost)  
  24  2:34  Adept (Chrono Boost)  
  26  2:39  Probe  
  27  2:44  Stargate  
  27  2:51  Probe  
  28  2:58  Pylon  
  28  3:03  Probe  
  29  3:06  Adept (Chrono Boost)  
  29  3:11  Probe  
  32  3:16  Probe  
  33  3:20  Assimilator  
  33  3:21  Probe  
  33  3:26  Assimilator  
  34  3:29  Mothership Core  
  34  3:32  Adept (Chrono Boost)  
  37  3:44  Oracle (Chrono Boost)  
  40  3:51  Forge  
  40  3:55  Gateway  
  40  3:56  Pylon  
  38  4:19  Probe  
  38  4:20  Probe, Sentry  
  42  4:26  Oracle (Chrono Boost)  
  45  4:40  Probe  
  45  4:42  Probe  
  47  4:57  Sentry  
  49  5:02  Probe  
  49  5:03  Probe  
  48  5:22  Probe  
  48  5:23  Probe  
  50  5:40  Nexus  
  50  5:41  Assimilator, Pylon  
  50  5:42  Pylon  
  50  5:44  Pylon  
  50  5:50  Stalker  
  50  5:56  Probe  
  52  5:57  Probe  
  54  6:10  Photon Cannon  
  54  6:13  Photon Cannon  
  54  6:14  Adept  
  56  6:27  Stargate  
  56  6:29  Stargate  
  56  6:37  Probe  
  56  6:38  Probe  
  58  6:46  Zealot  
  60  6:56  Gateway  
  60  6:57  Protoss Air Weapons Level 1, Gateway  
  60  6:59  Gateway  
  60  7:07  Probe  
  61  7:08  Probe  
  61  7:11  Photon Cannon  
  61  7:12  Photon Cannon  
  62  7:17  Pylon, Probe  
  62  7:18  Probe  
  64  7:24  Void Ray (Chrono Boost)  
  76  7:30  Void Ray x2 (Chrono Boost)  
  76  7:32  Probe  
  76  7:33  Probe  
  78  7:37  Fleet Beacon  
  78  7:44  Probe  
  78  7:45  Probe  
  78  7:46  Probe  
  79  7:55  Pylon  
  79  7:59  Probe  
  79  8:00  Probe, Photon Cannon  
  79  8:02  Photon Cannon  
  80  8:10  Stalker  
  82  8:15  Stalker  
  82  8:16  Stalker x2  
  88  8:29  Photon Cannon  
  88  8:30  Photon Cannon  
  88  8:32  Photon Cannon  
  88  8:35  Pylon  
  88  8:37  Pylon  
  88  8:38  Phoenix (Chrono Boost)  
  90  8:47  Photon Cannon  
  90  8:48  Photon Cannon  
  90  8:52  Pylon  
  90  9:01  Phoenix x2 (Chrono Boost)  
  94  9:04  Phoenix (Chrono Boost)  
  94  9:07  Protoss Air Weapons Level 2 (Chrono Boost)  
  94  9:09  Probe  
  97  9:22  Assimilator  
  97  9:27  Photon Cannon  
  97  9:28  Pylon  
  97  9:33  Phoenix (Chrono Boost)  
  99  9:45  Phoenix (Chrono Boost)  
  103  9:46  Phoenix (Chrono Boost)  
  100  9:54  Anion Pulse-Crystals  
  100  9:57  Phoenix (Chrono Boost)  
  102  10:10  Photon Cannon  
  102  10:11  Probe, Photon Cannon  
  102  10:12  Probe, Photon Cannon  
  102  10:13  Phoenix (Chrono Boost), Probe  
  107  10:20  Pylon  
  107  10:25  Probe  
  107  10:28  Phoenix (Chrono Boost)  
  112  10:30  Protoss Ground Weapons Level 1  
  112  10:31  Phoenix (Chrono Boost)  
  112  10:37  Probe  
  112  10:38  Probe  
  114  10:55  Phoenix (Chrono Boost)  
  114  10:58  Phoenix x2 (Chrono Boost)  
  114  11:01  Probe  
  114  11:02  Probe  
  122  11:07  Photon Cannon  
  122  11:08  Photon Cannon  
  122  11:11  Photon Cannon  
  122  11:12  Zealot  
  122  11:13  Zealot x3  
  130  11:24  Gateway  
  130  11:27  Gateway  
  130  11:29  Protoss Air Weapons Level 3 (Chrono Boost)  
  130  11:38  Probe  
  130  11:39  Probe  
  132  11:40  Probe  
  133  11:56  Phoenix  
  133  12:00  Phoenix x2  
  135  12:10  Stalker x4  
  143  12:16  Tempest  
  147  12:24  Tempest  
  151  12:33  Probe  
  151  12:35  Probe  
  153  12:49  Stalker x2  
  157  12:55  Nexus  
  157  12:57  Pylon  
  157  12:58  Pylon  
  157  12:59  Pylon x2  
  157  13:00  Photon Cannon  
  157  13:02  Pylon, Photon Cannon  
  157  13:03  Photon Cannon  
  157  13:09  Tempest  
  157  13:15  Probe  
  157  13:16  Tempest  
  157  13:17  Probe  
  157  13:18  Zealot x3  
  173  13:25  Photon Cannon  
  173  13:27  Photon Cannon  
  173  13:36  Assimilator  
  173  13:38  Assimilator  
  173  13:39  Protoss Shields Level 1  
  125  13:50  Stalker  
  125  13:51  Stalker x3  
  110  14:04  Tempest  
  107  14:10  Tempest  
  107  14:11  Zealot  
  117  14:33  Stalker x4  
  117  14:34  Stalker x2  
  129  14:42  Probe  
  129  14:43  Probe  
  129  14:44  Probe x2  
  133  14:48  Tempest  
  137  15:17  Twilight Council  
  135  15:23  Zealot x6  
Tags
 
Add a new tag
Caveats
  • Supply blocks, unpowered buildings, or Contaminate may cause inaccurate times.
  • Supply counts are checked every 10 seconds.